 Dungeon Crawl Stone Soup version 0.27.0-1-g7a089689b8 (webtiles) character file.

Game seed: 5882198883795488242

12 mainiacjoe the Chiller (level 2, -6/19 HPs)
             Began as a Human Ice Elementalist on Aug 7, 2021.
             Was a Plaything of Xom.
             Killed from afar by Natasha (10 damage)
             ... with a magic dart
             ... on level 2 of the Dungeon.
             The game lasted 00:03:15 (1175 turns).

mainiacjoe the Chiller (Human Ice Elementalist)     Turns: 1175, Time: 00:03:16

Health: -6/19      AC:  2    Str:  8    XL:     2   Next: 45%
Magic:  2/5        EV: 12    Int: 15    God:    Xom [*.....]
Gold:   48         SH:  0    Dex: 13    Spells: 4/5 levels left

rFire    . . .     SeeInvis .   a - +2 dagger (venom)
rCold    . . .     Faith    .   (no shield)
rNeg     . . .     Spirit   .   h - +0 robe
rPois    .         Reflect  .   (no helmet)
rElec    .         Harm     .   (no cloak)
rCorr    .         Rampage  .   (no gloves)
Will     .....                  (no boots)
Stlth    ++........             f - amulet of magic regeneration
HPRegen  0.06/turn              (no ring)
MPRegen  0.34/turn              (no ring)

@: very slightly contaminated, slowed, very slow
A: no striking features
a: Renounce Religion


You were on level 2 of the Dungeon.
You worshipped Xom.
You were a special plaything of Xom.
You visited 1 branch of the dungeon, and saw 2 of its levels.

You collected 48 gold pieces.

Inventory:

Hand Weapons
 a - a +2 dagger of venom (weapon)
 b - a +0 long sword
Missiles
 g - 26 bolts
 k - 3 stones
Armour
 h - a +0 robe (worn)
Jewellery
 f - an amulet of magic regeneration (around neck)
Scrolls
 c - a scroll of identify {unknown}
 d - a scroll of amnesia {unknown}
 i - a scroll of fear {unknown}
 l - a scroll of torment {unknown}
Potions
 e - a potion of curing {unknown}
 j - a potion of invisibility


   Skills:
 - Level 2.0 Dodging
 - Level 2.0 Stealth
 + Level 2.2 Spellcasting
 * Level 4.4 Ice Magic


You had 4 spell levels left.
You knew the following spells:

 Your Spells              Type           Power      Damage    Failure   Level
a - Freeze                Ice            56%        1d7       3%          1

Your spell library contained the following spells:

 Spells                   Type           Power      Damage    Failure   Level
 Frozen Ramparts          Ice            28%        1d4       11%         3
 Ozocubu's Armour         Ice            14%        N/A       11%         3
 Hailstorm                Conj/Ice       8%         3d4       65%         4


Dungeon Overview and Level Annotations

Branches:
Dungeon (2/15)

Altars:
Xom

Annotations:
D:2 Natasha, Sigmund


Message History

There is a stone staircase leading up here.
Casting: Freeze (safe; 3% risk of failure)
Confirm with . or Enter, or press ? or * to list all spells.
Aiming: Freeze (safe; 3% risk of failure)
Press: ? - help, Shift-Dir - straight line, f - Natasha
Aim: Natasha You freeze Natasha.
Natasha is moderately wounded.
Natasha claws you!
Casting: Freeze (safe; 3% risk of failure)
Confirm with . or Enter, or press ? or * to list all spells.
Aiming: Freeze (safe; 3% risk of failure)
Press: ? - help, Shift-Dir - straight line, f/p - Natasha
Aim: Natasha (moderately wounded)
You miscast Freeze.
You are very lightly contaminated with residual magic.
Nothing appears to happen.
Natasha claws you.
* * * LOW HITPOINT WARNING * * *
Casting: Freeze (safe; 3% risk of failure)
Confirm with . or Enter, or press ? or * to list all spells.
Aiming: Freeze (safe; 3% risk of failure)
Press: ? - help, Shift-Dir - straight line, f/p - Natasha
Aim: Natasha (moderately wounded)
You freeze Natasha.
Natasha is moderately wounded. "Let's see if it's strong enough to survive yet."
Natasha stares at you and mumbles some strange words.
You feel yourself slow down.
Casting: Freeze (safe; 3% risk of failure)
Confirm with . or Enter, or press ? or * to list all spells.
Aiming: Freeze (safe; 3% risk of failure)
Press: ? - help, Shift-Dir - straight line, f/p - Natasha
Aim: Natasha (moderately wounded)
You freeze Natasha.
Natasha is heavily wounded.
Natasha casts a spell at you. The magic dart hits you!
Ouch! That really hurt!
You die...
Xom giggles madly!

#..รท........ #...........
#....###+## ##...##...# #######
##...##...####+## #.....#
#....'..........# #.###.#
#5...#..........# #.#.#.###
#...<#..........#
#.#.#...######h@..#..........#
#.#...#........####..........#
##.############5# ###........###
.#...........##.######........##.
.#.#####.###.##..........)....##.
.#.#...#.#.#.########.........##>
.#.###.#.#.#.# #............
.......#.#...# #.....#.....#
########.##### #.....#......


You could see an iron imp (summoned), Natasha and a crimson imp (summoned).

Vanquished Creatures
  2 endoplasms
  A goblin (D:1)
  A hobgoblin (D:2)
  2 kobolds
  A quokka (D:1)
  2 bats
  A rat (D:1)
10 creatures vanquished.

Notes
Turn   | Place    | Note
-------+----------+-------------------------------------------
     0 | D:1      | mainiacjoe the Human Ice Elementalist began the quest for
                  | the Orb.
     0 | D:1      | Reached XP level 1. HP: 13/13 MP: 3/3
   625 | D:1      | Found a faded altar of an unknown god.
   634 | D:1      | Became a worshipper of Xom of Chaos
   767 | D:1      | Reached XP level 2. HP: 19/19 MP: 3/5
   774 | D:1      | You fall into a shaft and drop 1 floor!
   825 | D:2      | XOM: noise
   876 | D:2      | XOM: divination: detect items
   969 | D:2      | XOM: silly message
  1029 | D:2      | Noticed Sigmund
  1090 | D:2      | Noticed Natasha
  1174 | D:2      | XOM: summons 2 hostile demons
  1175 | D:2      | Noticed a crimson imp
  1175 | D:2      | Killed from afar by Natasha

Illustrated notes

Levels and vault maps discovered:
D:1:      pf_arrival_petrified_forest, layout_loops_ring,
          dreamdust_ecumenical_altar_hidden_monk_grotto,
          corexii_leaking_fountain, minmay_misc_feat_room
D:2:      mumra_celtic_spiral_tile, layout_basic, basic_altar,
          due_unseen_surprise, uniq_sigmund, uniq_natasha

Action                   || total
-------------------------++-------
Melee: Dagger            ||    15
 Cast: Freeze            ||     9
  Use: Potion            ||     1
 Stab: Sleeping          ||     1
Armor: Robe              ||     2
Dodge: Dodged            ||    10
